 Dungeon Crawl Stone Soup version 0.28-a0-1545-g945cd3f27e (webtiles) character file.

Game seed: 2641396419699812891

93 BritishOli the Chopper (level 4, -1/34 HPs)
             Began as a Demonspawn Gladiator on Jan 18, 2022.
             Slain by Crazy Yiuf (14 damage)
             ... on level 2 of the Dungeon.
             The game lasted 00:02:17 (1969 turns).

BritishOli the Chopper (Demonspawn Gladiator)       Turns: 1969, Time: 00:02:18

Health: -1/34      AC:  5    Str: 16    XL:     4   Next: 36%
Magic:  4/4        EV: 12    Int:  9    God:
Gold:   59         SH:  4    Dex: 15    Spells: 3/3 levels left

rFire   . . .      SeeInvis .   a - +0 war axe
rCold   . . .      Faith    .   (no shield)
rNeg    . . .      Spirit   .   b - +0 leather armour
rPois   .          Reflect  .   (helmet restricted)
rElec   .          Harm     .   (no cloak)
rCorr   .          Rampage  .   l - +0 pair of gloves
Will    .....                   e - +0 pair of boots
Stlth   +.........              (no amulet)
HPRegen 0.11/turn               (no ring)
MPRegen 0.09/turn               (no ring)

@: no status effects
A: antennae 1, condensation shield
a: no special abilities


You were on level 2 of the Dungeon.
You visited 1 branch of the dungeon, and saw 2 of its levels.

You collected 59 gold pieces.

Inventory:

Hand Weapons
 a - a +0 war axe (weapon)
Missiles
 d - 3 throwing nets (quivered)
Armour
 b - a +0 leather armour (worn)
 c - a +0 helmet
 e - a +0 pair of boots (worn)
 l - a +0 pair of gloves (worn)
Jewellery
 j - a +6 ring of strength
Scrolls
 g - a scroll of enchant weapon {unknown}
 i - 2 scrolls of teleportation {unknown}
 k - a scroll of brand weapon {unknown}
Potions
 f - a potion of brilliance {unknown}
 h - a potion of cancellation {unknown}
 m - a potion of curing {unknown}


   Skills:
 + Level 2.7 Fighting
 + Level 3.2 Axes
 + Level 2.3 Throwing
 + Level 1.4 Armour
 + Level 3.1 Dodging


You had 3 spell levels left.
You didn't know any spells.
Your spell library contained the following spells:

 Spells                   Type           Power      Damage    Failure   Level
 Apportation              Tloc           0%         N/A       45%         1
 Gell's Gravitas          Tloc           0%         N/A       83%         3
 Lesser Beckoning         Tloc           0%         N/A       83%         3
 Teleport Other           Tloc           0%         N/A       83%         3
 Alistair's Intoxication  Tmut/Pois      0%         N/A       100%        5


Dungeon Overview and Level Annotations

Branches:
Dungeon (2/15)

Altars:

Annotations:
D:2 Crazy Yiuf


Innate Abilities, Weirdness & Mutations

You have a pair of small antennae on your head.
A meltable shield of frost defends you. (SH +4)


Message History

You kill the adder!
You feel sick.
You feel sick.
You start resting.
You feel sick.
You are no longer poisoned.
You start resting.
HP restored.
Found a glowing mace.
No target in view!
Found two maces.
No target in view!
You see here a +0 mace.
Found seven maces.
Found a runed translucent door.
You see here a +0 mace.
No target in view!
Found a mace.
You see here a +0 mace.
You see here a +0 mace.
Found three maces.
Crazy Yiuf shouts!
You see here a +0 mace.
No reachable target in view!
You see here a +0 mace.
You see here a +0 mace.
You see here a +0 mace.
You see here a +0 mace.
You see here a +0 mace.
You see here a +0 mace.
You see here a +0 mace.
You see here a +0 mace.
You see here a +0 mace.
No reachable target in view!
You open the door. You barely miss Crazy Yiuf.
Crazy Yiuf grits, "Shower foot tortoise!"
Crazy Yiuf hits you with a +4 quarterstaff of chaos!
You are electrocuted!
You barely miss Crazy Yiuf.
Crazy Yiuf hits you with a +4 quarterstaff of chaos!
You die...

#....####...........
#....# #...########
♣....♣ ###.........
♣)..♣♣ ##########
♣♣)♣♣ ♣)♣♣ # ♣♣)♣
### ### ♣)♣♣ #.##
####.. ♣♣@♣ #..##
#....# #g#
#...###.#### )))
#.......# #)))#
#.#.<..## #).)#
#..#....### #####
#.>##.#...##
#..##.......
#####..####.....
#...............


You could see Crazy Yiuf.

Vanquished Creatures
  Robin (D:1)
  3 adders (D:2)
  4 dart slugs
  3 ball pythons
  An endoplasm (D:2)
  A giant cockroach (D:2)
  10 goblins
  7 hobgoblins
  6 kobolds
  2 quokkas (D:1)
  3 bats
  2 rats (D:1)
43 creatures vanquished.

Notes
Turn   | Place    | Note
-------+----------+-------------------------------------------
     0 | D:1      | BritishOli the Demonspawn Gladiator began the quest for the
                  | Orb.
     0 | D:1      | Reached XP level 1. HP: 16/16 MP: 1/1
   266 | D:1      | Gained mutation: A meltable shield of frost defends you.
                  | (SH +4) [demonic ancestry]
   266 | D:1      | Reached XP level 2. HP: 20/22 MP: 2/2
   952 | D:2      | Reached skill level 1 in Armour
   952 | D:2      | Reached XP level 3. HP: 26/28 MP: 3/3
  1037 | D:2      | Noticed Robin
  1079 | D:1      | Killed Robin
  1297 | D:2      | Gained mutation: You have a pair of small antennae on your
                  | head. [demonic ancestry]
  1297 | D:2      | Reached XP level 4. HP: 34/34 MP: 4/4
  1524 | D:2      | Found a faded altar of an unknown god.
  1935 | D:2      | Found a runed translucent door.
  1936 | D:2      | Noticed Crazy Yiuf
  1969 | D:2      | Slain by Crazy Yiuf

Illustrated notes

Levels and vault maps discovered:
D:1:      dpeg_arrival_rooms_c, layout_basic
D:2:      layout_rooms, dreamdust_ecumenical_altar_angels_and_demons,
          uniq_crazy_yiuf_cottage, uniq_robin

Skill      XL: |  1  2  3 |
---------------+----------+-----
Throwing       | 2 |  2.3
Armour         | 1 |  1.4
Dodging        | 3 |  3.1
Axes           | 3 |  3.2
Fighting       | |  2.7

Action                   |  1- 3 |  4- 6 || total
-------------------------+-------+-------++-------
Melee: War axe           |   124 |    37 ||   161
       Punch             |     1 |     1 ||     2
 Stab: Sleeping          |       |     1 ||     1
Armor: Leather armour    |    45 |    16 ||    61
Dodge: Dodged            |    97 |    20 ||   117
Block: Other             |    24 |     6 ||    30

Table legend: (Time is in decaauts)
 A = Elapsed time spent in this place.
 B = Non-inter-level travel time spent in this place.
 C = Inter-level travel time spent in this place.
 D = Time resting spent in this place.
 E = Time spent auto-exploring this place.
 F = Levels seen in this place.
 G = Mean time per level.
                   A        B        C        D        E       F      G
               +--------+--------+--------+--------+--------+-----+--------+
         Total |   2025 |   1999 |     26 |    365 |   1214 |   2 | 1012.5 |
       Dungeon |   2025 |   1999 |     26 |    365 |   1214 |   2 | 1012.5 |
               +--------+--------+--------+--------+--------+-----+--------+

Top non-repeatable levels by time:
     D:1: 1080 daAuts
     D:2: 945 daAuts
